[Event "Nové Hrady - Rapid A"]
[Site "Nové Hrady, Czech Republic"]
[Date "2024.08.10"]
[Round "1.1"]
[White "Hák, David"]
[Black "Černý, Zbyšek"]
[Result "1-0"]
[TimeControl "2x15min+5s"]
[WhiteFideId "377007"]
[BlackFideId "23739380"]
[WhiteElo "2192"]
[BlackElo "1560"]

1. d4 d5 2. c4 e6 3.
Nc3 c5 4. cxd5 cxd4 5. Qxd4 Nc6 6.
Qa4 exd5 7. e3 Nf6 8. Nf3 Bd7 9. Qd1 Be7 10. Be2 O-O 11. O-O Qc7 12. b3 Rad8 13. Bb2 a6 14. Nxd5 Nxd5 15.
Qxd5 Be6 16. Qh5 Rd5 17. Ne5 Nxe5 18.
Rac1 Qb8 19. e4 Nf3+ 20. Qxf3 Rg5 21. e5 f6 22. exf6 Bxf6 23. Bxf6 Rxf6 24. Qe3 Rh6 25. f4 Rgg6 26. Rc5 Bh3 27. Bf3 Bd7 28. Rd1 Qe8 29. Qxe8+ Bxe8 30. Rc8 Kf7 31. Bd5+ Ke7 32. Re1+ Kd6 33. Bxb7 Bb5 34. Bf3 Re6 35. Rd1+ Ke7 36. Rc7+ Kf6 37. g4 Rh3 38. Bg2 Rhe3 39. g5+ Kg6 40. Rc2 Re2 41. Rxe2 Rxe2 42. a4 Bd3 43. Rxd3 Kf5 44. Rf3 Kg4 45. Rf2 Re1+ 46. Rf1 Re3 47. h3+ Kf5 48. b4 Rb3 49. b5 axb5 50. axb5 Rb2 1-0

[Event "Nové Hrady - Rapid A"]
[Site "Nové Hrady, Czech Republic"]
[Date "2024.08.10"]
[Round "1.2"]
[White "Vondruška, Leoš"]
[Black "Steinbauer, Sebastián"]
[Result "0-1"]
[TimeControl "2x15min+5s"]
[WhiteFideId "23730099"]
[BlackFideId "399272"]
[WhiteElo "1506"]
[BlackElo "2018"]

1. e4 e5 2. Nf3 Nf6 3.
d3 Nc6 4. Nc3 d5 5. exd5 Nxd5 6.
Bd2 Bb4 7. Nxd5 Bxd2+ 8. Qxd2 Qxd5 9. a3 O-O 10. Be2 Bf5 11. O-O Rad8 12. Rad1 e4 13. dxe4 Qxe4 14. Bd3 Qd5 15. Bxf5 Qxf5 16.
Qc3 Qb5 17. Rfe1 h6 18. h3 Rfe8 19. Rxd8 Rxd8 20. b3 Qd5 21. b4 a6 22. Qb2 Qc4 23. c3 Rd3 24. Re3 Rxe3 25. fxe3 Qd3 26.
Kf2 Kf8 27. Qc1 Qf5 28. Ke2 Ke7 29. Qd1 Ne5 30. Nxe5 Qxe5 31. Qd3 Qe6 32. Qd2 Qc4+ 33. Kf2 Qe6 34. Kg1 Qe4 35. Kh2 g5 36.
a4 Qc6 37. a5 Qd6+ 38. Qxd6+ Kxd6 39. Kg3 f5 40. Kf3 Kd5 41. Ke2 c5 42. Kd3 c4+ 43. Ke2 Ke4 44. g4 f4 45. exf4 gxf4 46. h4 f3+ 47. Kd2 Kf4 48. g5 hxg5 49. hxg5 Kxg5 50. Ke3 Kg4 51. Kf2 Kf4 52. Ke1 Ke3 53. Kf1 f2 54. Kg2 Ke2 0-1

[Event "Nové Hrady - Rapid A"]
[Site "Nové Hrady, Czech Republic"]
[Date "2024.08.10"]
[Round "1.5"]
[White "Dudarec, Elias"]
[Black "Brabcová, Nikola"]
[Result "1-0"]
[TimeControl "2x15min+5s"]
[WhiteFideId "23714930"]
[BlackFideId "23739371"]
[WhiteElo "1588"]
[BlackElo "1529"]

1. e4 c5 2. b4 Nc6 3. b5 Nb8 4. Nc3 e5 5. Nf3 d6 6. Bc4 Nf6 7. d3 Bg4 8. h3 Bh5 9. O-O Be7 10.
Nd5 Nxd5 11. Bxd5 Nd7 12. Bxb7 Rb8 13. Bc6 O-O 14. Qe2 Nf6 15. Qe3 Rb6 16. Bd2 Rb8 17. a4 Qb6 18. a5 Qd8 19.
Rfb1 d5 20. Nxe5 d4 21. Qe1 Bd6 22.
Nc4 Bc7 23. f4 Nd7 24. g4 Bxg4 25. hxg4 f5 26. gxf5 Nf6 27. e5 Ng4 28. Qg3 Nh6 29. f6 Nf5 30. Qg4 Qc8 31. Be4 g6 32.
Bxf5 Qxf5 33. Qxf5 gxf5 34. Kf2 Kf7 35. Rg1 Rg8 36. Rxg8 Rxg8 37. Rg1 Rxg1 38. Kxg1 Ke6 39. b6 axb6 40.
axb6 Bxb6 41. Nxb6 h5 42. Nc4 h4 43. Nd6 h3 44. f7 Ke7 45. Be1 Kf8 46. Bh4 h2+ 47. Kxh2 c4 48. e6 cxd3 49. e7+ Kg7 50. f8=Q+ Kg6 51. e8=Q+ Kh7 52. Qef7# 1-0

[Event "Nové Hrady - Rapid A"]
[Site "Nové Hrady, Czech Republic"]
[Date "2024.08.10"]
[Round "1.6"]
[White "Polanský, Matěj"]
[Black "Junek, Petr"]
[Result "1/2-1/2"]
[TimeControl "2x15min+5s"]
[WhiteFideId "23741872"]
[BlackFideId "23739282"]
[WhiteElo "1520"]
[BlackElo "1762"]

1. e4 c5 2. Nc3 Nc6 3.
f4 g6 4.
Nf3 Bg7 5. Bb5 Nd4 6. Bc4 d6 7.
d3 Nf6 8. O-O O-O 9. Be3 Bg4 10. Bxd4 Bxf3 11. Qxf3 cxd4 12. Nd5 Nxd5 13. Bxd5 Qb6 14. Bb3 e6 15. Rae1 Rac8 16. Kh1 Qc5 17.
Qg4 b5 18. f5 exf5 19. exf5 d5 20. fxg6 fxg6 21. Qe6+ Kh8 22. Rxf8+ Qxf8 23. Qxd5 Re8 24. Rg1 Re5 25. Qb7 Qe8 26.
h3 Re1 27. Qf3 Rxg1+ 28. Kxg1 a5 29.
a3 a4 30. Ba2 Qe1+ 31. Qf1 Qd2 32. Bb1 h5 33. Kh1 Bh6 34. b3 Qc1 35. Qxc1 Bxc1 36. bxa4 bxa4 37. Ba2 Bxa3 38. Kg1 Bb2 39. Kf1 a3 40. Kf2 Kg7 41. Kf3 Kf6 42.
Ke4 Kg5 43. Ke5 Kh4 44. Kf6 g5 45. Kf5 g4 46. hxg4 hxg4 47.
Kf4 Bc1+ 48. Kf5 Kg3 49. Bb3 Bb2 50. Kg5 Bc3 51. Kf5 Kxg2 52. Kxg4 Kf2 53. Kf4 Ke2 54. Ke4 Kd2 55. Kd5 a2 56. Bxa2 Kxc2 57. Bc4 Bb2 1/2-1/2

[Event "Nové Hrady - Rapid A"]
[Site "Nové Hrady, Czech Republic"]
[Date "2024.08.10"]
[Round "1.7"]
[White "Rausch, Rudolf"]
[Black "Šrámek, Jan"]
[Result "1-0"]
[TimeControl "2x15min+5s"]
[WhiteFideId "1639455"]
[BlackFideId "23743638"]
[WhiteElo "1838"]
[BlackElo "1555"]

1. d4 d5 2. c4 Nf6 3. Nc3 dxc4 4. e3 Nc6 5. Bxc4 Bg4 6. Qb3 e6 7. Qxb7 Na5 8. Bb5+ Nd7 9. Bxd7+ Kxd7 10.
Qb5+ Nc6 11. h3 Bf5 12. d5 exd5 13. Qxd5+ Ke8 14. Qxf5 Nb4 15. Qb5+ c6 16. Qa4 Nd3+ 17. Ke2 Ne5 18.
Qe4 f6 19. f4 Qd6 20. fxe5 fxe5 21. Nf3 Be7 22. Nxe5 Rf8 23. Qxc6+ Qxc6 24. Nxc6 Bh4 25. Rf1 Bf6 26. Bd2 a6 27.
Nd4 Rb8 28. b3 Kd7 29. Rad1 Rfe8 30. Kd3 Rbd8 31. Kc2 Kc7 32. Nce2 Re5 33. Kb1 Re7 34. Ba5+ 1-0

[Event "Nové Hrady - Rapid A"]
[Site "Nové Hrady, Czech Republic"]
[Date "2024.08.10"]
[Round "1.8"]
[White "Schneider, Wolfgang"]
[Black "Rendl, Luboš"]
[Result "0-1"]
[TimeControl "2x15min+5s"]
[WhiteFideId "1639471"]
[BlackFideId "23750197"]
[WhiteElo "1542"]
[BlackElo "1848"]

1. e4 c5 2. d3 Nc6 3. Nf3 d6 4. a3 Nf6 5. Be2 g6 6. h3 Bg7 7. O-O O-O 8. Nc3 a6 9. Bd2 b5 10.
Nd5 Nxd5 11. exd5 Nd4 12. Rb1 Bb7 13. c4 Re8 14. Re1 Qb6 15. Nxd4 Bxd4 16. Bc3 Bxc3 17. bxc3 Qa5 18. Rb3 Reb8 19.
Qc2 Bc8 20. Kh2 bxc4 21. dxc4 Bd7 22. Bf3 Kf8 23. Reb1 Qc7 24. Rxb8+ Rxb8 25. Be4 Kg7 26. f3 Be8 27. g4 Qc8 28. Rxb8 Qxb8 29. Kg3 Qb6 30. a4 Qa5 31. Qb3 Qxa4 32. Qb2 Qxc4 33.
h4 Qb5 34. Qd2 a5 35. Bd3 Qb3 36. Bc2 Qb2 37. c4 Ba4 38. Qe2 Qxc2 39. Qxc2 Bxc2 40. Kf2 a4 41. Ke2 a3 42. Kd2 a2 43.
Kxc2 a1=Q 44. Kb3 Qd1+ 45. Kc3 Qxf3+ 46. Kb2 Qxg4 47. Kb3 Qd1+ 48. Kc3 Kf6 49. Kb2 Ke5 50. Kc3 Ke4 51. Kb2 Kd3 52. Ka3 Kc3 53. Ka2 Qb3+ 54.
Ka1 Qb2# 0-1

[Event "Nové Hrady - Rapid A"]
[Site "Nové Hrady, Czech Republic"]
[Date "2024.08.10"]
[Round "2.1"]
[White "Rendl, Luboš"]
[Black "Hák, David"]
[Result "0-1"]
[TimeControl "2x15min+5s"]
[WhiteFideId "23750197"]
[BlackFideId "377007"]
[WhiteElo "1848"]
[BlackElo "2192"]

1. e4 c5 2. b4 cxb4 3. a3 d5 4. exd5 Qxd5 5. Nf3 Bg4 6. Be2 Bxf3 7. gxf3 e5 8.
axb4 Bxb4 9. Rg1 Nc6 10. Bb2 Nge7 11. Nc3 Bxc3 12. Bxc3 O-O 13. Ra4 Nd4 14. Bxd4 exd4 15. Qa1 Nf5 16. Ra5 Qe6 17. Kd1 b6 18.
Rxa7 Rxa7 19. Qxa7 Qc6 20. Qa3 Ra8 21.
Qb2 g6 22. Bd3 Qxf3+ 23. Kc1 Qxf2 24. Rf1 Qg2 25. Rxf5 gxf5 26. Qxd4 Qh1+ 27. Kb2 Qa1+ 0-1

[Event "Nové Hrady - Rapid A"]
[Site "Nové Hrady, Czech Republic"]
[Date "2024.08.10"]
[Round "2.2"]
[White "Steinbauer, Sebastián"]
[Black "Dudarec, Elias"]
[Result "0-1"]
[TimeControl "2x15min+5s"]
[WhiteFideId "399272"]
[BlackFideId "23714930"]
[WhiteElo "2018"]
[BlackElo "1588"]

1. e4 e6 2. d4 d5 3.
exd5 exd5 4. Bd3 Bd6 5. Nf3 Nf6 6. c3 O-O 7. O-O Bg4 8. Bg5 c6 9. Nbd2 Nbd7 10. Qc2 Qc7 11. Bh4 Bh5 12. Bg3 Bg6 13. Bxg6 fxg6 14.
Bxd6 Qxd6 15. Rae1 Rae8 16. c4 Qf4 17. Qb3 b6 18. Qa4 Rxe1 19. Rxe1 Ne4 20. Qxc6 Nxd2 21. Qxd7 dxc4 22. Qe6+ Kh8 23.
Qe3 Nxf3+ 24. Qxf3 Qxf3 25. gxf3 Kg8 26. Kg2 Kf7 27. Re4 Re8 28. Kf1 Re6 29. Ke2 Kf6 30. Ke3 Rd6 31. Re5 a6 32. Ke4 b5 33. d5 b4 34.
Re8 Rb6 35. Kd4 b3 36. a3 Kf7 37. Re3 Rb8 38. Kxc4 Rd8 39. Rd3 Rd6 40. Kxb3 Ke7 41. Kc4 Kd7 42. b4 Kc7 43. Re3 Kd7 44. a4 Rf6 45. Kc5 Rf4 46. a5 Rh4 47. Re4 Rxh2 48. d6 Rh5+ 49. Kb6 Kxd6 50. Kxa6 Rh1 51. b5 Rc1 52. b6 Kc6 53. Re7 Kd6 0-1

[Event "Nové Hrady - Rapid A"]
[Site "Nové Hrady, Czech Republic"]
[Date "2024.08.10"]
[Round "2.3"]
[White "Šebesta, Marek"]
[Black "Prinz, Hubert"]
[Result "0-1"]
[TimeControl "2x15min+5s"]
[WhiteFideId "23765119"]
[BlackFideId "1639447"]
[WhiteElo "1707"]
[BlackElo "1986"]

1. e4 d5 2. exd5 Qxd5 3.
Nc3 Qd6 4. Nf3 Nf6 5. d4 a6 6. a4 Bg4 7. h3 Bh5 8. Be2 c6 9. Be3 e6 10.
O-O Nbd7 11. Qd3 Bg6 12. Qd2 Be7 13. Bf4 Qb4 14. a5 Bd8 15. Ra4 Qe7 16. Ne5 Nd5 17. Nxg6 hxg6 18. Bg3 N7f6 19.
Bf3 Bc7 20. Nxd5 cxd5 21. b4 Bxg3 22. fxg3 O-O 23. Raa1 Rfc8 24. Rae1 Qd6 25. g4 Rc4 26. c3 Rac8 27. Re3 Nh7 28. Be2 R4c7 29. Ref3 Nf6 30. g5 Ne4 31.
Qb2 Nxg5 32. Rd3 Ne4 33. Rc1 f5 34. Bf3 Qf4 35. Bxe4 fxe4 36. Rf1 Qxf1+ 37. Kxf1 exd3 38. Qf2 Rf7 39. Qxf7+ Kxf7 40. Ke1 Rxc3 41. Kd2 Rb3 42. g4 Kf6 43. h4 e5 44. dxe5+ Kxe5 45. h5 gxh5 46. gxh5 Kd4 47. h6 gxh6 48. b5 Rxb5 49. Kd1 Kc3 0-1

[Event "Nové Hrady - Rapid A"]
[Site "Nové Hrady, Czech Republic"]
[Date "2024.08.10"]
[Round "2.4"]
[White "Garabik, Marek"]
[Black "Rausch, Rudolf"]
[Result "1-0"]
[TimeControl "2x15min+5s"]
[WhiteFideId "23717742"]
[BlackFideId "1639455"]
[WhiteElo "1933"]
[BlackElo "1838"]

1. e4 d6 2. d4 g6 3. Nc3 Bg7 4. Nf3 Nf6 5. Bg5 O-O 6. h3 h6 7. Bh4 Nbd7 8.
Bc4 Nb6 9. Bb3 Qe8 10. O-O c5 11. e5 Nh7 12. exd6 exd6 13. Re1 Qc6 14. d5 Qc7 15. Nb5 Qd7 16. c4 g5 17. Bg3 Bxb2 18.
Rb1 Bg7 19. Bxd6 Rd8 20. Be7 a6 21. Bxd8 axb5 22. Bxb6 bxc4 23. Bxc4 Nf8 24. Bxc5 Qc7 25. Bxf8 Bxf8 26. Bb3 Bf5 27.
Rc1 Qd6 28. Qd4 Bg7 29. Qc5 Qf6 30. Qe7 Qb6 31. d6 Bf8 32. Qxf7+ 1-0

[Event "Nové Hrady - Rapid A"]
[Site "Nové Hrady, Czech Republic"]
[Date "2024.08.10"]
[Round "2.5"]
[White "Junek, Petr"]
[Black "Borecký, Andrej"]
[Result "0-1"]
[TimeControl "2x15min+5s"]
[WhiteFideId "23739282"]
[BlackFideId "23752670"]
[WhiteElo "1762"]
[BlackElo "1618"]

1. e4 c5 2. Nf3 Nc6 3.
d4 cxd4 4. Nxd4 Nf6 5. Nc3 e5 6. Ndb5 d6 7. Bg5 a6 8. Na3 b5 9.
Bxf6 gxf6 10. Nd5 f5 11. Bd3 Be6 12. c4 b4 13. Nc2 Qa5 14. b3 Bg7 15. O-O Bxd5 16. cxd5 Ne7 17. Qd2 fxe4 18.
Bxe4 f5 19. Bxf5 Nxf5 20. Qg5 O-O 21.
Ne3 Nxe3 22. Qxe3 Qxd5 23. Rad1 Qe6 24. Rd3 Rad8 25. Rfd1 d5 26. Qe2 e4 27. Rg3 d4 28. Qh5 Rd5 29. Qe2 Kh8 30. Rh3 h6 31. Rhd3 Rfd8 32.
R3d2 Rc5 33. h3 d3 34. Qe3 Rcd5 35. f3 Bd4 36. fxe4 Bxe3+ 0-1

[Event "Nové Hrady - Rapid A"]
[Site "Nové Hrady, Czech Republic"]
[Date "2024.08.10"]
[Round "2.6"]
[White "Černý, Zbyšek"]
[Black "Polanský, Matěj"]
[Result "1-0"]
[TimeControl "2x15min+5s"]
[WhiteFideId "23739380"]
[BlackFideId "23741872"]
[WhiteElo "1560"]
[BlackElo "1520"]

1. d4 d5 2. c4 e6 3.
Nc3 Nf6 4. Nf3 c5 5. e3 Nc6 6.
Be2 b6 7. O-O Be7 8. b3 O-O 9. Bb2 Bb7 10. a3 Rc8 11. Rc1 a6 12. Bd3 Qc7 13. Bb1 h6 14. cxd5 exd5 15. dxc5 Bxc5 16. Nxd5 Nxd5 17. Qxd5 Qe7 18.
Qd3 g6 19. Qc3 f5 20. Qh8+ Kf7 21. Qg7+ Ke8 22. Qxg6+ Kd8 23. Rfd1+ Kc7 24. Bxf5 Rcd8 25. b4 Bd6 26. Nd4 Be5 27.
Ne6+ Kb8 28. Nxd8 Rxd8 29. Bxe5+ Nxe5 30. Rxd8+ Qxd8 31. Qe6 Qg5 32. Qxe5+ Ka7 33. f3 Qd8 34. Qc7 Qa8 35. Be4 a5 36.
bxa5 bxa5 37. Qc5+ Kb8 38. Qf8+ Ka7 39.
Qxa8+ Kxa8 40. Bxb7+ Kxb7 41. e4 Kb6 42. Kf2 Kb5 43. Ke3 Ka4 44. Rc5 Kxa3 45. Rxa5+ Kb4 46. Ra1 Kc5 47.
Rd1 Kc4 48. Rc1+ Kb3 49. Kd3 Kb2 50.
Rc8 h5 51. Kd2 Kb3 52. g3 Kb4 53. Kd3 Kb5 54. Kd4 Kb6 55. Kd5 Kb7 56. Rc1 Kb6 57. Rc2 h4 58. gxh4 Kb5 59. Rb2+ Ka4 60. Kc4 Ka5 61. Rb1 Ka4 62. Ra1# 1-0

[Event "Nové Hrady - Rapid A"]
[Site "Nové Hrady, Czech Republic"]
[Date "2024.08.10"]
[Round "2.7"]
[White "Šrámek, Jan"]
[Black "Vondruška, Leoš"]
[Result "0-1"]
[TimeControl "2x15min+5s"]
[WhiteFideId "23743638"]
[BlackFideId "23730099"]
[WhiteElo "1555"]
[BlackElo "1506"]

1. d4 d5 2. Nf3 Nc6 3. e3 Bf5 4. c4 e6 5. Nc3 Nf6 6. Be2 Be7 7. O-O O-O 8. h3 a6 9. Ne5 Ne4 10.
Nxe4 Bxe4 11. cxd5 Nxe5 12. dxe5 Qxd5 13. Qxd5 Bxd5 14. Bd2 Rfd8 15. Rac1 Bc6 16. Bc3 Rd7 17. f4 Bc5 18. Kf2 Rad8 19.
b4 Be7 20. a3 g6 21. Bd4 Rf8 22. Bxa6 Bd5 23. Be2 c6 24. g3 Ra8 25. Bb2 Rc7 26. h4 c5 27. bxc5 Rxc5 28. Rxc5 Bxc5 29.
Ra1 Bc6 30. h5 Rd8 31. hxg6 hxg6 32. a4 Rd2 33. Bd4 Bxd4 34. exd4 Rxd4 35. a5 Rd2 36. Ke3 Rb2 37. a6 bxa6 38.
Rxa6 Rb3+ 39. Kf2 Bd5 40. Rd6 Rb2 41. Rd8+ Kg7 42. g4 Bc4 43. f5 Rxe2+ 44. Kg3 Rxe5 45. fxe6 Bxe6 46. Rd4 Ra5 47.
Kf4 g5+ 48. Ke3 Ra3+ 49. Kf2 Ra2+ 50. Kg3 Kg6 51. Rd6 Kf6 52. Rb6 Ra3+ 53. Kf2 Kg7 54. Rb4 Ra7 55. Ke3 Rc7 56. Kd3 Ra7 57. Rd4 Ra3+ 58. Kc2 Rg3 59.
Kd2 Rxg4 60. Rxg4 Bxg4 61. Ke3 f6 62. Kf2 Be6 0-1

[Event "Nové Hrady - Rapid A"]
[Site "Nové Hrady, Czech Republic"]
[Date "2024.08.10"]
[Round "2.8"]
[White "Valiyev, Adil"]
[Black "Schneider, Wolfgang"]
[Result "1-0"]
[TimeControl "2x15min+5s"]
[WhiteFideId "23752246"]
[BlackFideId "1639471"]
[WhiteElo "1469"]
[BlackElo "1542"]

1. e4 e5 2. Nf3 d6 3. d4 Be7 4. dxe5 dxe5 5. Qxd8+ Bxd8 6. Nxe5 a6 7. Bc4 Be6 8. Bxe6 fxe6 9.
O-O Nf6 10. Nc3 O-O 11. Nf3 h6 12. e5 Nfd7 13. Rd1 Nc6 14. Rxd7 b5 15. Be3 Rf5 16. Rad1 b4 17. Ne2 a5 18.
Ned4 Rh5 19. Nxc6 Bg5 20. Bxg5 hxg5 21. h3 g6 22. Rxc7 Ra6 23. Rd8# Kg7 1-0

[Event "Nové Hrady - Rapid A"]
[Site "Nové Hrady, Czech Republic"]
[Date "2024.08.10"]
[Round "3.1"]
[White "Hák, David"]
[Black "Garabik, Marek"]
[Result "1-0"]
[TimeControl "2x15min+5s"]
[WhiteFideId "377007"]
[BlackFideId "23717742"]
[WhiteElo "2192"]
[BlackElo "1933"]

1. c4 e6 2. g3 d5 3. Bg2 Nf6 4. Nf3 Be7 5. O-O O-O 6. b3 c6 7. Bb2 Nbd7 8. d3 b6 9. Nbd2 Bb7 10. Rc1 Rc8 11. Rc2 c5 12. Ne5 Nxe5 13. Bxe5 Nd7 14. Bb2 Bf6 15. Qa1 Bxb2 16. Qxb2 Qf6 17. Qa3 a5 18. Qb2 Qxb2 19. Rxb2 Ba8 20. a3 dxc4 21. bxc4 Bxg2 22. Kxg2 Rb8 23. Rfb1 Rfc8 24. h4 f6 25. h5 Kf7 26. f4 g6 27. Ne4 Rc6 28.
Rh1 Kg7 29. Rbb1 f5 30. Ng5 h6 31.
Nf3 gxh5 32. Rxh5 Nf6 33. Ne5 Rcc8 34. Rh4 a4 35.
Rb5 Ne8 36. Rb1 Nd6 37. Rbh1 Rh8 38. g4 b5 39. Nd7 Rbc8 40. cxb5 Nxb5 41.
Rb1 Rc7 42. Rxb5 Rxd7 43. Rxc5 fxg4 44. Rxg4+ Kf6 45. Kf3 Rb7 46. Ra5 h5 47. Rh4 Rb3 48. Rxa4 e5 49. Ra6+ Kf5 50. Ra5 Kf6 51. Rxe5 Rxa3 52. Rhxh5 Rg8 53. Rhf5+ Kg7 54. Rg5+ Kh7 55. Re7+ Kh8 56. Rh5# 1-0

[Event "Nové Hrady - Rapid A"]
[Site "Nové Hrady, Czech Republic"]
[Date "2024.08.10"]
[Round "3.2"]
[White "Borecký, Andrej"]
[Black "Steinbauer, Sebastián"]
[Result "0-1"]
[TimeControl "2x15min+5s"]
[WhiteFideId "23752670"]
[BlackFideId "399272"]
[WhiteElo "1618"]
[BlackElo "2018"]

1. e4 e5 2. Nf3 Nf6 3. Nxe5 Nc6 4. Nf3 Nxe4 5. Nc3 d5 6.
Bb5 Be7 7. O-O O-O 8. Re1 Bf5 9. d3 Nxc3 10. bxc3 Bf6 11. Bb2 Qd6 12. Bxc6 bxc6 13. Nd4 Bd7 14. a4 c5 15. Nb5 Qc6 16.
d4 a6 17. Na3 c4 18. Nb1 Rfe8 19. Nd2 Rab8 20. Ba3 Qxa4 21. Be7 Qc6 22. Bxf6 Qxf6 23. Nf3 Bg4 24. h3 Bxf3 25. Qxf3 Rxe1+ 26. Rxe1 Qxf3 27. gxf3 Kf8 28.
Ra1 Rb6 29. Ra5 c6 30. Kg2 Ke7 31. Kg3 Kd7 32. Kf4 Kc7 33.
Ra1 Kb7 34. Re1 Ka7 35. Ke5 a5 36.
Kd6 Ka6 37. Re8 a4 38. Kc5 Ka7 39. Re7+ Rb7 40. Re1 Rb2 41. Kxc6 Rxc2 42. Kxd5 Rxc3 43. Ra1 a3 44. Kc5 Kb7 45. Kb4 Rxf3 46. Kxc4 Rxh3 47. Re1 Kc6 48.
Re8 Rf3 49. Ra8 g6 50. Ra6+ Kb7 51. Ra5 h5 52. d5 Kc7 53. Kc5 Rc3+ 54. Kd4 Rf3 55.
Kc5 h4 56. Ra7+ Kb8 57. Ra4 h3 58. d6 h2 59. d7 Rd3 60. Rd4 Rxd4 61. Kxd4 Kc7 0-1

[Event "Nové Hrady - Rapid A"]
[Site "Nové Hrady, Czech Republic"]
[Date "2024.08.10"]
[Round "3.3"]
[White "Prinz, Hubert"]
[Black "Rendl, Luboš"]
[Result "1-0"]
[TimeControl "2x15min+5s"]
[WhiteFideId "1639447"]
[BlackFideId "23750197"]
[WhiteElo "1986"]
[BlackElo "1848"]

1. d4 Nf6 2. Nf3 g6 3. e3 Bg7 4. Bd3 O-O 5.
O-O d6 6. Nbd2 Nbd7 7. b3 e5 8. Bb2 Qe7 9. dxe5 dxe5 10. e4 Rd8 11. Qe2 Nh5 12. g3 Nc5 13. Ba3 Bh3 14. Rfe1 Nf6 15.
Qe3 b6 16. Bxc5 bxc5 17. Bc4 Ng4 18. Qe2 Rd6 19. Nf1 Bxf1 20. Rxf1 Rad8 21. Rad1 Nf6 22. Ng5 Kf8 23. Nxf7 Rxd1 24.
Rxd1 Rxd1+ 25. Qxd1 Nxe4 26. Qf3 Nf6 27. Qa8+ Ne8 28.
Qxa7 Bf6 29. Qa8 1-0

[Event "Nové Hrady - Rapid A"]
[Site "Nové Hrady, Czech Republic"]
[Date "2024.08.10"]
[Round "3.4"]
[White "Dudarec, Elias"]
[Black "Valiyev, Adil"]
[Result "1-0"]
[TimeControl "2x15min+5s"]
[WhiteFideId "23714930"]
[BlackFideId "23752246"]
[WhiteElo "1588"]
[BlackElo "1469"]

1. e4 e5 2. d4 d6 3. dxe5 dxe5 4. Qxd8+ Kxd8 5. Nf3 Nc6 6. Be3 Nf6 7. Nc3 Bb4 8. O-O-O+ Ke7 9. Nd5+ Nxd5 10. exd5 e4 11. Nd2 Ne5 12.
Nxe4 Bg4 13. f3 Nxf3 14. gxf3 Bxf3 15. Bd3 Bxh1 16. Rxh1 Rad8 17. a3 Ba5 18. Bc5+ Ke8 19. b4 Bb6 20. Nf6+ gxf6 21. Re1+ Kd7 22. Bf5# 1-0

[Event "Nové Hrady - Rapid A"]
[Site "Nové Hrady, Czech Republic"]
[Date "2024.08.10"]
[Round "3.6"]
[White "Vondruška, Leoš"]
[Black "Šebesta, Marek"]
[Result "0-1"]
[TimeControl "2x15min+5s"]
[WhiteFideId "23730099"]
[BlackFideId "23765119"]
[WhiteElo "1506"]
[BlackElo "1707"]

1. e4 e5 2. Nf3 Nc6 3. Bc4 Nf6 4. d3 h6 5. O-O Bc5 6. h3 d5 7. exd5 Nxd5 8. Re1 O-O 9. Nxe5 Re8 10. Nxc6 bxc6 11. Nd2 Be6 12. Ne4 Bb6 13. Bd2 f5 14. Ng3 Qf6 15.
Bxd5 cxd5 16. Bc3 d4 17. Bd2 Bd5 18. Qh5 Rf8 19. Bb4 c5 20. Ba3 a5 21. Nf1 Qc6 22. f3 Rf6 23. Qh4 Rg6 24.
Qf2 Bxf3 25. g3 f4 26. g4 h5 27. Nh2 hxg4 28. Nxf3 gxf3+ 29. Kh1 Rg3 30. Re4 Rxh3+ 31. Kg1 Qg6+ 32. Kf1 Rh1+ 33. Qg1 Qxg1# 0-1

[Event "Nové Hrady - Rapid A"]
[Site "Nové Hrady, Czech Republic"]
[Date "2024.08.10"]
[Round "4.1"]
[White "Steinbauer, Sebastián"]
[Black "Prinz, Hubert"]
[Result "1-0"]
[TimeControl "2x15min+5s"]
[WhiteFideId "399272"]
[BlackFideId "1639447"]
[WhiteElo "2018"]
[BlackElo "1986"]

1. e4 d5 2. exd5 Qxd5 3.
d4 Nf6 4. Nc3 Qd6 5. Nf3 a6 6. Bg5 Nbd7 7. Bd3 e6 8. O-O Be7 9. Ne4 Nxe4 10. Bxe4 c6 11. Re1 Nf6 12. c3 h6 13. Bh4 O-O 14. Bc2 b5 15. Qd3 g6 16. Ne5 Ng4 17. Bxe7 Nxe5 18. Bxd6 Nxd3 19. Bxd3 Rd8 20. Be5 Bb7 21. Be4 Rac8 22. b4 f5 23. Bf3 g5 24.
h3 Kf7 25. a4 Kg6 26. axb5 axb5 27. Ra7 Rd7 28. c4 bxc4 29.
b5 h5 30. bxc6 Bxc6 31. Rxd7 Bxd7 32. Rc1 Ba4 33. Rc3 Bb3 34.
Be2 g4 35. hxg4 hxg4 36. Kh2 Kg5 37. Kg3 Rf8 38. f4+ gxf3 39. Kxf3 Rc8 40. g3 Ba2 41. Ke3 Rc6 42. Kd2 Rb6 43.
Bxc4 Rb2+ 44. Kc1 Rg2 45. Bxa2 Rxa2 46. Rc6 Kg4 47. Rxe6 Kf3 48. Kb1 Rg2 49. d5 Ke4 50.
d6 Kd5 51. d7 Kxe6 52. d8=Q Kxe5 53. Qc7+ Kd4 54. Qf4+ Kc5 55.
Qxf5+ Kd6 56. g4 Ke7 57. g5 Re2 58. g6 Re6 59. g7 Rf6 60. g8=N+ 1-0

[Event "Nové Hrady - Rapid A"]
[Site "Nové Hrady, Czech Republic"]
[Date "2024.08.10"]
[Round "4.2"]
[White "Šebesta, Marek"]
[Black "Hák, David"]
[Result "0-1"]
[TimeControl "2x15min+5s"]
[WhiteFideId "23765119"]
[BlackFideId "377007"]
[WhiteElo "1707"]
[BlackElo "2192"]

1. e4 c5 2. Nf3 Nc6 3. d4 cxd4 4. Nxd4 g6 5. Nc3 Bg7 6. Be3 Nf6 7. Bc4 O-O 8. f3 Qb6 9. Bb3 Nxe4 10. Nxe4 Bxd4 11. Bxd4 Qxd4 12. Qxd4 Nxd4 13. h4 d5 14. Nc3 Be6 15.
O-O-O Nxb3+ 16. axb3 Rfd8 17. Rd4 Rd7 18. h5 f6 19. hxg6 hxg6 20. Rdh4 Kf8 21. Rh8+ Bg8 22. g4 Rad8 23.
f4 Kg7 24. g5 f5 25. Nb5 d4 26. Nxa7 Rd5 27. c4 dxc3 28. bxc3 Ra5 29. R1h7+ Bxh7 30. Rxd8 Rxa7 31. Rd7 Kf7 32. c4 Ke6 33. Rd8 Kf7 34. Rd7 Ke8 35. Rd3 Bg8 36. Kb2 Ra8 37. c5 Ra5 38. b4 Ra2+ 39. Kc3 Ra3+ 40. Kd4 Rxd3+ 41. Kxd3 Kd7 42. b5 Bd5 43.
Kd4 Bf3 44. Ke5 Be2 45. c6+ bxc6 46. bxc6+ Kxc6 47. Ke6 Kc5 48. Kxe7 Kd4 49. Kf6 Bh5 50. Ke6 Ke4 51. Kf6 Kxf4 52. Kg7 Kxg5 53. Kh8 Kf6 54. Kg8 f4 55. Kh8 f3 56. Kg8 f2 57. Kh8 f1=Q 58. Kh7 Qc1 59. Kg8 Qc8+ 60. Kh7 Qd7+ 61. Kh6 Qg7 0-1

[Event "Nové Hrady - Rapid A"]
[Site "Nové Hrady, Czech Republic"]
[Date "2024.08.10"]
[Round "4.3"]
[White "Garabik, Marek"]
[Black "Borecký, Andrej"]
[Result "1-0"]
[TimeControl "2x15min+5s"]
[WhiteFideId "23717742"]
[BlackFideId "23752670"]
[WhiteElo "1933"]
[BlackElo "1618"]

1. e4 c5 2. Nc3 Nc6 3. f4 e6 4. Nf3 d5 5. Bb5 Nf6 6. Bxc6+ bxc6 7. e5 Nd7 8. d3 f6 9. O-O Be7 10. Qe2 O-O 11. b3 Nb6 12. Ba3 a5 13. Qf2 fxe5 14.
Nxe5 Bd6 15. Qe2 Bb7 16. Rae1 Qc7 17. Nd1 a4 18. Bb2 axb3 19. axb3 Rae8 20. g3 Nd7 21. Nxd7 Qxd7 22. Be5 Qc7 23. Bxd6 Qxd6 24. Qe5 Qd7 25. Nb2 Rf5 26. Qe3 Kf7 27. Qxc5 d4 28. Re5 Rxe5 29.
fxe5+ Kg8 30. Nc4 Qd5 31. Qxd5 exd5 32. Nd6 Re7 33. Re1 Ba6 34. Nf5 Re6 35. Nxd4 Rg6 36. e6 Kf8 37. Nxc6 Bb7 38.
Na5 Bc8 39. e7+ Ke8 40. b4 Be6 41. Nc6 Bd7 42.
Nd4 Rb6 43. c3 Bc8 44. Kf2 Rb7 45. Nb3 Rc7 46. Nc5 Rc6 1-0

[Event "Nové Hrady - Rapid A"]
[Site "Nové Hrady, Czech Republic"]
[Date "2024.08.10"]
[Round "4.4"]
[White "Černý, Zbyšek"]
[Black "Dudarec, Elias"]
[Result "0-1"]
[TimeControl "2x15min+5s"]
[WhiteFideId "23739380"]
[BlackFideId "23714930"]
[WhiteElo "1560"]
[BlackElo "1588"]

1. d4 Nf6 2. c4 g6 3. Nc3 d5 4. e3 Bg7 5. Nf3 O-O 6. Bd3 b6 7. O-O Bb7 8. b3 e6 9. Bb2 Nbd7 10.
Rc1 Rc8 11. Bb1 c5 12. Nb5 a6 13. Nd6 Rc7 14. Nxb7 Rxb7 15. dxc5 Nxc5 16. cxd5 Nxd5 17. Bxg7 Kxg7 18. Qd4+ Qf6 19.
Rfd1 Qxd4 20. Nxd4 Kf6 21. g3 Rd7 22. Nf3 Rfd8 23. e4 Nb4 24. Rxd7 Rxd7 25. Kg2 e5 26. a3 Nbd3 27. Bxd3 Rxd3 28.
b4 Nxe4 29. Rc6+ Rd6 30. Rxd6+ Nxd6 31. Nd2 b5 32. Kf3 h5 33. Ne4+ Nxe4 34. Kxe4 Ke6 35. h3 f5+ 36. Ke3 Kd5 37. Kd3 g5 38. f3 e4+ 39. fxe4+ fxe4+ 40. Ke3 Ke5 41. Ke2 Kd4 42. Kd2 e3+ 43. Ke2 Ke4 44. Ke1 Kf3 45.
Kf1 Kxg3 46. Ke2 Kxh3 0-1